 Dungeon Crawl Stone Soup version 0.31-a0-690-g7ce4588941 (webtiles) character file.

Game seed: 10748014661252631085

10 Essalna the Conjurer (level 2, 19/19 HPs)
             Began as a Demonspawn Conjurer on Sept 6, 2023.
             Got out of the dungeon alive.
             The game lasted 00:00:39 (368 turns).

Essalna the Conjurer (Demonspawn Conjurer)           Turns: 368, Time: 00:00:39

Health: 19/19      AC:  2    Str:  7    XL:     2   Next: 10%
Magic:  5/5        EV: 12    Int: 19    God:
Gold:   26         SH:  0    Dex: 11    Spells: 4/5 levels left

rFire   . . .        c - +0 hand axe
rCold   . . .        (no shield)
rNeg    . . .        a - +0 robe
rPois   .            (no helmet)
rElec   .            (no cloak)
rCorr   .            (no gloves)
SInv    .            (no boots)
Will    .....        (no amulet)
Stlth   ++           (no ring)
HPRegen 0.23/turn    (no ring)
MPRegen 0.09/turn

%: no passive effects
@: no status effects
A: weakness stinger 1
a: no special abilities


You escaped.
You visited 1 branch of the dungeon, and saw 1 of its levels.

You collected 26 gold pieces.

Inventory:

Hand Weapons
 c - a +0 hand axe (weapon)
Missiles
 f - 2 throwing nets
Armour
 a - a +0 robe (worn)
Scrolls
 e - a scroll of enchant armour {unknown}
Potions
 b - a potion of magic
 d - a potion of curing {unknown}


   Skills:
 - Level 1.7 Dodging
 - Level 1.7 Stealth
 + Level 2.3 Spellcasting
 + Level 4.2 Conjurations


You had 4 spell levels left.
You knew the following spells:

 Your Spells              Type           Power      Damage    Failure   Level
a - Magic Dart            Conj           72%        1d6       2%          1

Your spell library contained the following spells:

 Spells                   Type           Power      Damage    Failure   Level
 Searing Ray              Conj           36%        2d5       4%          2
 Dazzling Flash           Conj/Hex       20%        N/A       21%         3
 Fulminant Prism          Conj/Hex       5%         3d7       56%         4
 Iskenderun's Mystic Bla  Conj/Tloc      10%        2d4       56%         4


Dungeon Overview and Level Annotations

Branches:
Dungeon (1/15)

Altars:


Innate Abilities, Weirdness & Mutations

You have a small tail.


Message History

You are out of magic!
Found 7 stones.
A hobgoblin comes into view.
A hobgoblin is nearby!
The magic dart hits the hobgoblin.
You kill the hobgoblin!
You can't see any susceptible monsters within range! (Use Z to cast anyway.)
You can't see any susceptible monsters within range! (Use Z to cast anyway.)
You can't see any susceptible monsters within range! (Use Z to cast anyway.)
You now have 26 gold pieces (gained 10).
You see here a hobgoblin corpse.
Found a stone staircase leading down.
Found a sling.
A dart slug comes into view.
Found a falchion.
The magic dart hits the dart slug.
The dart slug is moderately wounded.
You can't see any susceptible monsters within range! (Use Z to cast anyway.)
You can't see any susceptible monsters within range! (Use Z to cast anyway.)
A dart slug is nearby!
The magic dart hits the dart slug but does no damage.
The dart slug is moderately wounded.
The dart slug bites you.
The magic dart hits the dart slug.
The dart slug is severely wounded.
You are out of magic!
You are out of magic!
You are out of magic!
You hit the dart slug but do no damage.
The dart slug is severely wounded.
The dart slug misses you.
You hit the dart slug.
You kill the dart slug!
You have reached level 2!
Your demonic ancestry asserts itself...
You grow a small tail.
Found 7 stones.
There is an open door here.
There is a staircase leading out of the dungeon here.
You have escaped!

# #....####..## #.
##....# ##..#
#.###....## ##.##
#.....#..# #..#
###..##.## ##.##
.....#..### #..#
.##.......# ##.###
#...##.###########...##
#.####.#
#≈.P...@###..#######
..# #.#
#~~~.####..........##
### #.#
#.~~.~P~#...........##
# #.#
#.~≈.~.≈#............#
# #.#
#P~≈..~.#............#
### #.#
#P..~.~~#............#
[...#
#..≈~≈.~#..........[.#
###...
#+#####'#............#
#.............##


There were no monsters in sight!

Vanquished Creatures
  2 dart slugs (D:1)
  A goblin (D:1)
  A hobgoblin (D:1)
  A frilled lizard (D:1)
  2 rats (D:1)
7 creatures vanquished.

Notes
Turn   | Place    | Note
-------+----------+-------------------------------------------
     0 | D:1      | Essalna the Demonspawn Conjurer began the quest for the
                  | Orb.
     0 | D:1      | Reached XP level 1. HP: 13/13 MP: 3/3
   312 | D:1      | Gained mutation: You have a small tail. [demonic ancestry]
   312 | D:1      | Reached XP level 2. HP: 18/19 MP: 0/5
   368 | D:$      | Got out of the dungeon alive.

Illustrated notes

Levels and vault maps discovered:
D:1:      lightli_arrival_flooded_house, layout_rooms

Action                     || total
---------------------------++-------
  Melee: Hand axe          ||     4
   Cast: Magic Dart        ||    13
 Armour: Robe              ||     3
  Dodge: Dodged            ||     2

Table legend: (Time is in decaauts)
 A = Elapsed time spent in this place.
 B = Non-inter-level travel time spent in this place.
 C = Inter-level travel time spent in this place.
 D = Time resting spent in this place.
 E = Time spent auto-exploring this place.
 F = Levels seen in this place.
 G = Mean time per level.
                   A        B        C        D        E       F      G
               +--------+--------+--------+--------+--------+-----+--------+
         Total |    369 |    314 |     55 |      0 |    266 |   1 |  369.0 |
       Dungeon |    369 |    314 |     55 |      0 |    266 |   1 |  369.0 |
               +--------+--------+--------+--------+--------+-----+--------+

Top non-repeatable levels by time:
     D:1: 369 daAuts
